 Dungeon Crawl Stone Soup version 0.28-a0-95-g65e1ffefe4 (webtiles) character file.

Game seed: 5552448184661699413

382 Ezendos the Stinger (level 6, -9/42 HPs)
             Began as an Octopode Venom Mage on Aug 8, 2021.
             Mangled by Duvessa (15 damage)
             ... on level 4 of the Dungeon.
             The game lasted 00:07:44 (5363 turns).

Ezendos the Stinger (Octopode Venom Mage)           Turns: 5363, Time: 00:07:45

Health: -9/42      AC:  1    Str:  8    XL:     6   Next: 76%
Magic:  1/10       EV: 13    Int: 19    God:
Gold:   71         SH:  0    Dex: 12    Spells: 8/11 levels left

rFire   . . .      SeeInvis .   (no weapon)
rCold   + . .      Faith    .   (no shield)
rNeg    . . .      Spirit   .   (helmet restricted)
rPois   .          Reflect  .   (no amulet)
rElec   .          Harm     .   d - ring of protection from cold
rCorr   .          Rampage  .   (no ring)
Will    .....                   (no ring)
Stlth   +++.......              (no ring)
HPRegen 0.14/turn               (no ring)
MPRegen 0.12/turn               (no ring)
                                (no ring)
                                (no ring)

@: attractive
A: almost no armour, amphibious, 8 rings, camouflage 1, gelatinous body 1,
(nimble swimmer 1), tentacles
a: no special abilities


You were on level 4 of the Dungeon.
You visited 1 branch of the dungeon, and saw 4 of its levels.

You collected 71 gold pieces.

Inventory:

Hand Weapons
 j - a +1 hunting sling
Missiles
 c - 27 stones
 k - a throwing net
Armour
 e - a +0 kite shield
Jewellery
 d - a ring of protection from cold (left tentacle)
 n - a +6 ring of strength
Scrolls
 b - a scroll of blinking {unknown}
 f - a scroll of magic mapping {unknown}
 g - 2 scrolls of teleportation
 h - a scroll of enchant weapon
 m - a scroll of noise {unknown}
 p - a scroll of fog {unknown}
Potions
 a - a potion of degeneration {unknown}
 o - a potion of attraction


   Skills:
 + Level 3.2 Fighting
 + Level 2.2 Dodging
 - Level 4.0 Stealth
 + Level 3.1 Spellcasting
 - Level 1.0 Transmutations
 - Level 4.0 Air Magic
 - Level 4.0 Poison Magic


You had 8 spell levels left.
You knew the following spells:

 Your Spells              Type           Power      Damage    Failure   Level
a - Sting                 Tmut/Pois      48%        1d5       5%          1
b - Poisonous Vapours     Pois/Air       36%        N/A       4%          2

Your spell library contained the following spells:

 Spells                   Type           Power      Damage    Failure   Level
 Mephitic Cloud           Conj/Pois/Air  13%        N/A       16%         3
 Olgreb's Toxic Radiance  Pois           18%        N/A       28%         4
 Cause Fear               Hex            1%         N/A       83%         4
 Dragon Form              Tmut           3%         N/A       100%        7
 Dragon's Call            Summ           1%         N/A       100%        9


Dungeon Overview and Level Annotations

Branches:
Dungeon (4/15)
 Temple: D:4-7

Altars:
Ashenzari

Annotations:
D:2 exclusion: adder
D:4 Dowan, Duvessa


Innate Abilities, Weirdness & Mutations

You cannot wear most types of armour.
You are amphibious.
You can wear up to eight rings at the same time.
Your skin changes colour to match your surroundings (Stealth+).
Your rubbery body absorbs attacks. (AC +1, EV +1)
((You are camouflaged near water. (Stealth+)))
You have tentacles for arms and can constrict up to eight enemies at once.


Message History

You tentacle-slap Duvessa but do no damage.
You grab Duvessa.
Duvessa is moderately wounded.
You constrict Duvessa, but do no damage.
Dowan looks more healthy.
Duvessa barely misses you. Dowan barely misses you.
Casting: Poisonous Vapours (safe; 4% risk of failure)
Confirm with . or Enter, or press ? or * to list all spells.
You don't have enough magic to cast this spell.
Casting: Poisonous Vapours (safe; 4% risk of failure)
Confirm with . or Enter, or press ? or * to list all spells.
Aiming: Sting (safe; 5% risk of failure)
Press: ? - help, Shift-Dir - straight line, f/p - Duvessa
Aim: Duvessa, wielding a +5 short sword of holy wrath and wearing a +0 leather armour (moderately wounded, constricted by you, extremely poisoned, 100% to hit)
The sting hits Duvessa but does no damage.
Duvessa looks as sick as possible!
Duvessa is moderately wounded.
You constrict Duvessa. Duvessa barely misses you.
Dowan hits you with a +0 dagger.
You tentacle-slap Duvessa but do no damage.
Duvessa is heavily wounded.
You constrict Duvessa.
Duvessa hits you with a +5 short sword of holy wrath.
Dowan hits you with a +0 dagger.
You tentacle-slap Duvessa.
Duvessa is severely wounded.
You constrict Duvessa.
Duvessa hits you with a +5 short sword of holy wrath.
Dowan barely misses you.
You tentacle-slap Duvessa but do no damage.
Duvessa is almost dead.
You constrict Duvessa.
Duvessa hits you with a +5 short sword of holy wrath!
* * * LOW HITPOINT WARNING * * *
Dowan closely misses you.
Okay, then.
It was a potion of attraction.
You feel attractive to monsters.
You constrict Duvessa.
Duvessa hits you with a +5 short sword of holy wrath!
You die...

#.......#
#.#######
#.# #.#
#.# #.#
#.# #e#
#@# #e#
#.# #.#
#.# #.#
#.# #.#
#.#


You could see Duvessa (extremely poisoned) and Dowan.

Vanquished Creatures
  An ogre (D:3)
  A scorpion (D:3)
  An orc wizard (D:3)
  Robin (D:3)
  7 gnolls
  3 adders
  3 dart slugs
  2 orcs (D:3)
  5 endoplasms
  16 giant cockroaches
  9 goblins
  8 hobgoblins
  6 jackals (D:2)
  5 kobolds
  2 quokkas (D:3)
  5 ball pythons
  11 bats
  3 frilled lizards
  5 rats
94 creatures vanquished.

Notes
Turn   | Place    | Note
-------+----------+-------------------------------------------
     0 | D:1      | Ezendos the Octopode Venom Mage began the quest for the
                  | Orb.
     0 | D:1      | Reached XP level 1. HP: 11/11 MP: 3/3
   259 | D:1      | Reached XP level 2. HP: 18/18 MP: 0/5
   263 | D:1      | Learned a level 2 spell: Poisonous Vapours
   437 | D:1      | Reached skill level 1 in Fighting
   601 | D:1      | Reached XP level 3. HP: 18/23 MP: 0/6
  1519 | D:2      | Found a faded altar of an unknown god.
  1717 | D:2      | Reached XP level 4. HP: 17/29 MP: 1/7
  2391 | D:2      | Reached skill level 1 in Air Magic
  3298 | D:3      | Reached XP level 5. HP: 24/35 MP: 2/8
  3481 | D:3      | Found a broken altar of Ashenzari.
  3924 | D:3      | Reached XP level 6. HP: 35/42 MP: 10/10
  4765 | D:3      | Noticed Robin
  4773 | D:3      | Killed Robin
  5341 | D:4      | Noticed Duvessa
  5341 | D:4      | Noticed Dowan
  5363 | D:4      | Mangled by Duvessa

Illustrated notes

Levels and vault maps discovered:
D:1:      dpeg_arrival_shrine, layout_loops_ring
D:2:      layout_basic, basic_ecumenical_altar, chequers_serial_rivers_room_b
D:3:      minmay_roachtagon, layout_basic, cheibrodos_ashenzari_chains,
          uniq_robin
D:4:      layout_basic, mainiacjoe_overflow_six_doors_small,
          minmay_temple_entry_stoned_glass, dk_rats_in_the_wall, uniq_menkaure,
          uniq_edmund, uniq_blork_the_orc, uniq_duvessa, uniq_purgy

Skill      XL: |  1  2  3  4  5  6 |
---------------+-------------------+-----
Stealth        | 3 4 |  4.0
Fighting       | 1 2 3 |  3.2
Poison Magic   | 4 |  4.0
Air Magic      | 1 2 4 |  4.0
Spellcasting   | 3 |  3.1
Dodging        | |  2.2
Transmutations | |  1.0

Action                   |  1- 3 |  4- 6 || total
-------------------------+-------+-------++-------
Melee: Unarmed           |    14 |    36 ||    50
       Constrict         |     4 |    10 ||    14
       Tentacles         |     2 |     4 ||     6
 Fire: Hunting sling     |       |    39 ||    39
 Cast: Sting             |    65 |    72 ||   137
       Poisonous Vapours |     2 |    54 ||    56
  Use: Scroll            |       |     4 ||     4
       Potion            |       |     6 ||     6
Armor: Skin              |     2 |     5 ||     7
Dodge: Dodged            |    27 |    73 ||   100

Table legend: (Time is in decaauts)
 A = Elapsed time spent in this place.
 B = Non-inter-level travel time spent in this place.
 C = Inter-level travel time spent in this place.
 D = Time resting spent in this place.
 E = Time spent auto-exploring this place.
 F = Levels seen in this place.
 G = Mean time per level.
                   A        B        C        D        E       F      G
               +--------+--------+--------+--------+--------+-----+--------+
         Total |   5369 |   5168 |    201 |    616 |   3794 |   4 | 1342.2 |
       Dungeon |   5369 |   5168 |    201 |    616 |   3794 |   4 | 1342.2 |
               +--------+--------+--------+--------+--------+-----+--------+

Top non-repeatable levels by time:
     D:2: 2204 daAuts
     D:3: 2038 daAuts
     D:1: 1058 daAuts
     D:4: 68 daAuts
